 Dungeon Crawl Stone Soup version 0.19-a0-45-g2c295ea (webtiles) character file.

222064 Mefis the Thaumaturge (level 18, -6/100 HPs)
             Began as a Deep Elf Wizard on May 4, 2016.
             Was an Elder of Sif Muna.
             Shot with an arrow by a deep elf archer (22 damage)
             ... on level 1 of the Elven Halls on May 5, 2016.
             The game lasted 09:36:19 (69114 turns).

Mefis the Thaumaturge (Deep Elf Wizard)            Turns: 69114, Time: 09:36:23

Health: -6/100     AC: 15    Str:  3 (6)  XL:     18   Next: 52%
Magic:  36/38      EV: 18    Int: 33 (34) God:    Sif Muna [****..]
Gold:   1810       SH:  7    Dex: 15 (17) Spells: 13 memorised, 0 levels left

rFire  + . .     SeeInvis +     f - staff of conjuration
rCold  x . .     Gourm    .     l - +3 leather armour {MR+}
rNeg   . . .     Faith    .     i - +2 buckler {AC+3}
rPois  .         Spirit   .     b - +0 hat
rElec  .         Dismiss  +     D - +0 cloak
rCorr  .         Reflect  .     L - +2 pair of gloves
SustAt .         Harm     .     Y - +0 pair of boots
MR     ++...     Rnd*Tele +     T - amulet of dismissal
Stlth  +++++.....               Q - +4 ring of intelligence
                                t - ring "Konaleon" {Fire Dex+2}

@: very slightly contaminated, non-regenerating, diseased, very resistant to
hostile enchantments, quite stealthy
A: antennae 1, claws 1, see invisible, agile 1, deterioration 2, robust 1,
teleportitis 1, no device heal 2
a: Channel Energy, Forget Spell, Renounce Religion
}: 1/15 runes: gossamer


You were on level 1 of the Elven Halls.
You worshipped Sif Muna.
Sif Muna was greatly pleased with you.
You were not hungry.

You visited 7 branches of the dungeon, and saw 34 of its levels.
You visited the Abyss 1 time.
You also visited: Sewer, Ossuary, Ice Cave and Volcano.

You collected 3191 gold pieces.
You spent 1381 gold pieces at shops.

Inventory:

Missiles
 n - 5 silver tomahawks (quivered)
 K - 4 throwing nets
Armour
 a - a +2 robe of the Archmagi
 b - a +0 hat (worn)
 i - a +2 buckler of protection (worn)
 l - a +3 leather armour of magic resistance (worn)
 D - a +0 cloak (worn)
 L - a +2 pair of gloves (worn)
 Y - a +0 pair of boots (worn)
Magical Staves
 f - an uncursed staff of conjuration (weapon)
Jewellery
 t - the ring "Konaleon" (left hand) {Fire Dex+2}
   (You found it in an ice cave)

   [ring of fire]

   It enhances your fire magic, and weakens your ice magic.
   It affects your dexterity (+2).
   It protects you from fire.
   It makes you vulnerable to cold.
 u - an uncursed ring of see invisible
 Q - a +4 ring of intelligence (right hand)
 T - an amulet of dismissal (around neck)
Wands
 y - a wand of digging (20/24)
 N - a wand of heal wounds (6/9)
Scrolls
 d - a scroll of fog
 h - 4 scrolls of fear
 k - a scroll of magic mapping
 m - a scroll of enchant armour
 o - 11 scrolls of remove curse
 E - 8 scrolls of teleportation
 R - 3 scrolls of blinking
 Z - 7 scrolls of identify
Potions
 e - 4 potions of resistance
 j - 15 potions of curing
 s - 4 potions of brilliance
 w - a potion of cancellation
 C - 2 potions of magic
 G - 4 potions of agility
 M - 4 potions of flight
Books
 c - a book of Death

   Spells                             Type                      Level
   a - Corpse Rot                     Necromancy                   2
   b - Sublimation of Blood           Necromancy                   2
   c - Agony                          Necromancy                   5
   d - Dispel Undead                  Necromancy                   5
   e - Excruciating Wounds            Charms/Necromancy            5
   f - Bolt of Draining               Conjuration/Necromancy       5
 q - Sif Muna's Reference Book on Aerial Hexes
   (Sif Muna gifted it to you on level 2 of the Orcish Mines)

   Spells                             Type                      Level
   a - Summon Lightning Spire         Summoning/Air                4
   b - Yara's Violent Unravelling     Hexes/Transmutation          5
   c - Deflect Missiles               Charms/Air                   6
   d - Darkness                       Hexes                        6
 r - a book of Summonings

   Spells                             Type                      Level
   a - Recall                         Summoning/Translocation      3
   b - Aura of Abjuration             Summoning                    5
   c - Summon Demon                   Summoning                    5
   d - Summon Forest                  Summoning/Translocation      5
   e - Summon Mana Viper              Hexes/Summoning              5
   f - Shadow Creatures               Summoning                    6
 B - a book of Changes

   Spells                             Type                      Level
   a - Beastly Appendage              Transmutation                1
   b - Sticks to Snakes               Transmutation                2
   c - Spider Form                    Transmutation/Poison         3
   d - Ice Form                       Ice/Transmutation            4
   e - Blade Hands                    Transmutation                5
 F - a book of Spatial Translocations

   Spells                             Type                      Level
   a - Apportation                    Translocation                1
   b - Blink                          Translocation                2
   c - Shroud of Golubria             Charms/Translocation         2
   d - Portal Projectile              Translocation                3
   e - Teleport Other                 Translocation                3
   f - Passage of Golubria            Translocation                4
 O - a book of Unlife

   Spells                             Type                      Level
   a - Recall                         Summoning/Translocation      3
   b - Animate Dead                   Necromancy                   4
   c - Control Undead                 Necromancy                   4
   d - Cigotuvi's Embrace             Necromancy                   5
   e - Death Channel                  Necromancy                   6
   f - Simulacrum                     Ice/Necromancy               6
 P - Sif Muna's Volume of Summoning
   (Sif Muna gifted it to you on level 2 of the Spider Nest)

   Spells                             Type                      Level
   a - Summon Butterflies             Summoning                    1
   b - Summon Small Mammal            Summoning                    1
   c - Haunt                          Necromancy/Summoning         7
   d - Malign Gateway                 Summoning/Translocation      7
 X - a book of Alchemy

   Spells                             Type                      Level
   a - Sublimation of Blood           Necromancy                   2
   b - Ignite Poison                  Fire/Transmutation/Poison    3
   c - Petrify                        Transmutation/Earth          4
   d - Alistair's Intoxication        Transmutation/Poison         5
   e - Irradiate                      Conjuration/Transmutation    5
Comestibles
 g - 10 beef jerkies
 p - 25 fruits
 H - 9 royal jellies
 U - 2 meat rations


   Skills:
 - Level 2.7 Fighting
   Level 2.1 Bows
 - Level 5.0 Armour
 + Level 12.4 Dodging
 + Level 12.0 Stealth
 - Level 5.7 Shields
 + Level 14.4 Spellcasting
 + Level 13.6 Conjurations
   Level 12.0 Hexes
 - Level 11.5 Charms
 + Level 13.1 Summonings
 + Level 9.8 Necromancy
 + Level 11.5 Translocations
 + Level 5.5 Transmutations
 + Level 10.8 Fire Magic
   Level 2.9 Earth Magic
   Level 2.5 Poison Magic
 - Level 8.0 Invocations


You couldn't memorise any spells.
You knew the following spells:

 Your Spells              Type           Power        Failure   Level  Hunger
a - Summon Small Mammal   Summ           ####         0%          1    None
b - Malign Gateway        Summ/Tloc      #######...   21%         7    #####..
c - Blink                 Tloc           N/A          1%          2    None
d - Delayed Fireball      Conj/Fire      N/A          21%         7    #####..
e - Irradiate             Conj/Trmt      #######...   1%          5    None
f - Fireball              Conj/Fire      ########..   1%          5    None
h - Death Channel         Necr           ######....   12%         6    ###....
l - Shroud of Golubria    Chrm/Tloc      #######...   1%          2    None
n - Summon Butterflies    Summ           #######.     0%          1    None
p - Repel Missiles        Chrm/Air       ######       1%          2    None
q - Sublimation of Blood  Necr           ######....   1%          2    None
v - Shadow Creatures      Summ           N/A          2%          6    ###....
w - Passage of Golubria   Tloc           N/A          1%          4    None


Dungeon Overview and Level Annotations

Branches:
Dungeon (15/15)            Temple (1/1) D:5            Lair (8/8) D:11
  Swamp (3/4) Lair:4       Spider (4/4) Lair:6        Slime (0/6) Lair:6
    Orc (2/2) D:11            Elf (1/3) Orc:2        Vaults (0/5) D:13
 Depths (0/5) D:15

Altars:
Ashenzari
Cheibriados
Dithmenos
Elyvilon
Fedhas
Gozag
Kikubaaqudgha
Makhleb
Nemelex Xobeh
Okawaru
Pakellas
Qazlal
Ru
Sif Muna
Trog
Vehumet
Xom
Yredelemnul
Zin
The Shining One
Beogh
Jiyva

Shops:
D:3 }   D:10 *   Orc:2 [(!*

Portals:
Trove: D:14 (give 8 scrolls of blinking)

Annotations:
D:11 exclusion: orange crystal statue


Innate Abilities, Weirdness & Mutations

You have a pair of small antennae on your head.
You have sharp fingernails.
You have supernaturally acute eyesight.
You are agile. (Dex +2)
Your body often deteriorates upon taking damage.
You are robust (+10% HP).
You are occasionally teleported next to monsters.
[Potions and wands are poor at restoring your health.]


Message History

Press: ? - help, Shift-Dir - straight line, f - raiju
Aim: a raiju (sick)
You feel a strong surge of power!
The fireball explodes!
The fireball engulfs the raiju.
You kill the raiju!
The wretched star pulses with an eldritch light!
Your system partially rejects artificial healing.
Your system mostly rejects artificial healing.
Your extra speed is starting to run out.
Found a gateway leading out of the Abyss.
You feel yourself slow down.
There is a gateway leading out of the Abyss here.
You pass through the gate.
Welcome back to the Elven Halls! x2
The deep elf mage shouts!
The deep elf demonologist casts a spell.
The deep elf archer unwields an uncursed short sword.
The deep elf archer wields a shortbow.
The deep elf archer shoots an arrow.
The arrow hits you!!
You die...

#..8.....#
##..[.....##
#..e.......#
.......e...#
#.8.....8..#
#..........#
#e....8....#
....e..@...#
#...(.8....#
#..........#
#e8.....8..#
.....e..!..#
#.4.e.ee...#
##.e..$...##
#./8.....#


You could see a deep elf demonologist, an orange demon, a deep elf archer, 8
deep elf magi and a dire flail of protection (wandering).

Vanquished Creatures
  Arachne (Spider:4)
  Asterion (Spider:2)
  A tentacled starspawn (Abyss:3)
  Kirke (Lair:6)
  The ghost of PeterLawrence the Warrior, an adept MiFi of Okawaru (Spider:3)
  A frost giant (IceCv)
  Donald (Swamp:2)
  3 ghost moths (Spider:4)
  4 emperor scorpions (Spider:4)
  A stone giant (D:13)
  Nessos (Lair:6)
  2 spark wasps
  Snorg (Orc:2)
  An ettin (D:14)
  Josephine (Lair:6)
  4 entropy weavers
  12 hydras
  A rakshasa (Abyss:2)
  An ice dragon (Lair:8)
  A yaktaur captain (D:14)
  Erica (Orc:1)
  5 centaur warriors
  An anaconda (shapeshifter) (D:15)
  6 death yaks
  A tengu warrior (D:14)
  9 alligators
  A vampire mage (D:15)
  5 orc high priests (Orc:2)
  Sonja (D:13)
  Nergalle (Orc:1)
  2 skeletal warriors (D:15)
  A spark wasp zombie (D:15)
  A shambling mangrove (Swamp:1)
  4 swamp dragons
  An unseen horror (D:14)
  A statue (Volcano)
  10 orc knights
  7 hill giants
  A necromancer (D:15)
  A wizard (D:13)
  3 deep elf magi
  9 ugly things
  8 hornets
  21 orb spiders
  21 wolf spiders
  An oklob plant (Lair:6)
  2 orc sorcerers (Orc:1)
  6 cyclopes
  3 griffons
  2 moths of wrath (Spider:4)
  9 black mambas
  2 ice statues
  A spriggan zombie (D:15)
  23 elephants
  4 torpor snails
  A gargoyle (D:15)
  A water nymph (Abyss:4)
  An orange demon (Abyss:3)
  28 spiny frogs
  5 centaur skeletons
  2 komodo dragons (shapeshifter) (D:15)
  A freezing wraith (D:14)
  6 rime drakes
  18 komodo dragons
  15 demonic crawlers
  A tengu conjurer (D:14)
  2 ancient zymes (Abyss:3)
  2 spriggan druids
  A merfolk (D:9)
  21 polar bears
  A red devil (Volcano)
  6 trolls
  38 jumping spiders
  3 giant leeches
  4 two-headed ogres
  3 bog bodies
  A raiju (Abyss:5)
  4 boulder beetles
  20 slime creatures
  40 blink frogs
  A deep troll zombie (D:15)
  A ynoxinul (Abyss:3)
  A water elemental (Abyss:4)
  An ettin skeleton (D:15)
  36 tarantellas
  A wyvern (D:15)
  20 spriggans
  66 redbacks
  3 wraiths
  2 shadows
  2 hogs (Lair:6)
  2 fire bats (Volcano)
  3 hill giant zombies
  2 basilisks
  24 vampire mosquitoes
  68 yaks
  A small abomination (Abyss:2)
  12 hippogriffs
  2 hungry ghosts
  A warg (Orc:1)
  5 insubstantial wisps (Swamp:2)
  A large abomination (Abyss:2)
  A mottled dragon (D:14)
  2 soldier ants
  20 swamp worms
  20 water moccasins
  A tengu skeleton (D:12)
  12 porcupines
  Purgy (Sewer)
  29 orc warriors
  6 swamp drakes
  10 black bears
  An ice beast (D:10)
  3 phantoms
  3 sky beasts
  An eye of draining (D:14)
  38 wolves
  9 ogres
  2 necrophages
  17 wasps
  27 centaurs
  16 crocodiles
  An elf zombie (D:4)
  22 giant frogs
  3 big kobolds
  3 gnoll sergeants
  7 scorpions
  4 yak zombies
  A troll zombie (D:7)
  15 killer bees
  2 electric eels
  8 centaur zombies
  4 howler monkeys
  14 lava snakes (Volcano)
  6 crimson imps
  3 quasits
  5 giant frog zombies
  8 hounds
  2 giant frog skeletons
  29 orc priests
  A wyvern simulacrum (D:14)
  2 jellies
  A jelly (shapeshifter) (D:14)
  11 orc wizards
  Jessica (D:2)
  12 iguanas
  12 worker ants
  Ijyb (D:2)
  5 human skeletons (D:4)
  A killer bee zombie (D:10)
  8 sheep
  An ogre zombie (D:6)
  A hound zombie (D:5)
  A hound skeleton (D:5)
  2 worker ant zombies
  15 gnolls
  108 river rats
  12 adders
  3 shadow imps
  2 oozes
  3 adder zombies
  2 worm zombies (D:7)
  2 adder skeletons
  An iguana skeleton (D:9)
  14 worms (Spider:3)
  6 dart slugs
  A giant gecko (D:2)
  79 orcs
  A ball python (D:1)
  A bat skeleton (D:9)
  A bat zombie (D:8)
  3 giant cockroaches
  4 gnoll zombies
  6 goblins
  7 hobgoblins
  25 jackals
  19 kobolds
  5 quokkas
  8 bats
  2 giant cockroach zombies (D:6)
  2 giant gecko skeletons (D:4)
  7 giant newts
  A giant newt skeleton (D:8)
  5 gnoll skeletons (Ossuary)
  A hobgoblin zombie (D:7)
  6 kobold skeletons
  6 orc skeletons
  2 orc zombies
  6 rats
  A rat zombie (D:8)
  A fungus (Lair:1)
  A plant (Lair:8)
  2 starspawn tentacles (Abyss:3)
  A withered plant (D:15)
1483 creatures vanquished.

Vanquished Creatures (collateral kills)
  The ghost of Karasique the Sharpshooter, an adept NaAs of Okawaru (Swamp:1)
  An emperor scorpion (Spider:3)
  2 death yaks (Lair:7)
  An alligator (Swamp:2)
  Urug (Lair:3)
  A sun demon (Volcano)
  A spriggan druid (Swamp:2)
  3 ugly things (D:15)
  2 elephants (Lair:6)
  A hornet (Swamp:3)
  A toenail golem (Volcano)
  A spiny frog (Swamp:2)
  A komodo dragon (Lair:3)
  An efreet (D:15)
  Grinder (D:5)
  2 slime creatures (Swamp:2)
  A small abomination (Abyss:2)
  2 spriggans (Swamp:2)
  A hog (Lair:6)
  2 wraiths
  6 yaks (Lair:1)
  A swamp worm (Swamp:1)
  A hell hound (Volcano)
  A porcupine (Lair:1)
  A swamp drake (Swamp:1)
  3 orc warriors (Orc:2)
  An elf zombie (D:4)
  2 elf skeletons (D:4)
  A crimson imp (Volcano)
  4 orc priests (Orc:2)
  A giant frog skeleton (D:4)
  2 orc wizards
  2 worker ants
  A mummy (Ossuary)
  A worker ant zombie (D:9)
  An adder (D:1)
  A worm (D:2)
  8 orcs
  A ball python (D:4)
  4 gnoll skeletons (Ossuary)
  4 kobold skeletons (Ossuary)
  4 orc skeletons
  A quokka skeleton (D:5)
  7 fungi
  11 plants
97 creatures vanquished.

Vanquished Creatures (others)
  2 eldritch tentacles
  2 polar bears (IceCv)
  7 yaks (IceCv)
  6 wolves (IceCv)
  A human (D:4)
  An orc priest (Orc:2)
  An ufetubus (Abyss:2)
  A ball lightning (Lair:6)
  A bush (Lair:8)
  154 eldritch tentacle segments
  30 fulminant prisms
  65 fungi
  46 plants
  5 snaplasher vines
  620 snaplasher vine segments
  4 starspawn tentacles (Abyss:3)
946 creatures vanquished.

Grand Total: 2526 creatures vanquished

Notes
Turn   | Place    | Note
--------------------------------------------------------------
     0 | D:1      | Mefis the Deep Elf Wizard began the quest for the Orb.
     0 | D:1      | Reached XP level 1. HP: 10/10 MP: 7/7
   213 | D:1      | Reached XP level 2. HP: 14/15 MP: 6/9
   217 | D:1      | Learned a level 2 spell: Call Imp
   220 | D:1      | Learned a level 2 spell: Blink
   223 | D:1      | Learned a level 2 spell: Repel Missiles
   445 | D:1      | Reached skill level 1 in Charms
  1052 | D:1      | Reached XP level 3. HP: 19/19 MP: 6/11
  1492 | D:1      | Reached skill level 5 in Spellcasting
  1492 | D:1      | Reached XP level 4. HP: 6/24 MP: 0/13
  1829 | D:2      | Noticed Jessica
  1835 | D:2      | Killed Jessica
  1840 | D:2      | Learned a level 3 spell: Mephitic Cloud
  1844 | D:2      | Learned a level 3 spell: Conjure Flame
  1895 | D:2      | Noticed Ijyb
  1906 | D:2      | Killed Ijyb
  2573 | D:2      | Found a shadowy altar of Dithmenos.
  2597 | D:2      | Reached XP level 5. HP: 28/28 MP: 11/14
  2983 | D:3      | Found an opulent altar of Gozag.
  2985 | D:3      | Found a glowing silver altar of Zin.
  3418 | D:3      | Found an oddly glowing altar of Pakellas.
  3418 | D:3      | Found Pakellas's Prime Provisions.
  3937 | D:3      | Learned a level 2 spell: Slow
  3948 | D:4      | Noticed an ogre
  3951 | D:4      | Reached XP level 6. HP: 27/32 MP: 6/16
  3958 | D:4      | Reached skill level 1 in Hexes
  4153 | D:4      | Reached skill level 6 in Spellcasting
  4450 | D:4      | Reached skill level 1 in Poison Magic
  4539 | D:4      | Found a sand-covered staircase.
  4557 | Ossuary  | Entered an ossuary
  4557 | Ossuary  | Noticed a wraith
  4557 | Ossuary  | Noticed a wraith
  4557 | Ossuary  | Noticed a wraith
  4852 | Ossuary  | Reached XP level 7. HP: 36/36 MP: 13/18
  5208 | Ossuary  | Reached skill level 1 in Fire Magic
  5335 | Ossuary  | Noticed a wraith
  5454 | Ossuary  | Killed a wraith
  6094 | D:4      | Found an ancient bone altar of Kikubaaqudgha.
  6095 | D:4      | Noticed a human
  6097 | D:4      | Killed a human
  6098 | D:4      | Became a worshipper of Kikubaaqudgha
  6147 | D:4      | Found a basalt altar of Yredelemnul.
  6188 | D:4      | Gained mutation: Your muscles are strong. (Str +2) [potion of mutation]
  6188 | D:4      | Gained mutation: You passively map a small area around you. [potion of mutation]
  6188 | D:4      | Gained mutation: You evolve. [potion of mutation]
  6619 | D:4      | Reached skill level 5 in Dodging
  6916 | D:5      | Entered Level 5 of the Dungeon
  6916 | D:5      | Noticed Grinder
  6920 | D:5      | Paralysed by Grinder for 2 turns
  6941 | D:5      | Reached skill level 1 in Necromancy
  6942 | D:5      | Found a staircase to the Ecumenical Temple.
  6948 | D:5      | Killed Grinder
  6948 | D:5      | Reached XP level 8. HP: 40/41 MP: 1/19
  7184 | D:5      | Found a glowing drain.
  7215 | Sewer    | Entered a sewer
  7348 | Sewer    | Noticed Purgy
  7368 | Sewer    | Killed Purgy
  7822 | D:5      | Reached * piety under Kikubaaqudgha
  7822 | D:5      | Received a gift from Kikubaaqudgha
  7823 | D:5      | Identified Kikubaaqudgha's Almanac of Evil (Kikubaaqudgha gifted it to you on level 5 of the Dungeon)
  7851 | Temple   | Entered the Ecumenical Temple
  7869 | Temple   | Gained mutation: You are agile. (Dex +2) [evolution]
  7951 | Temple   | Gained mutation: You have a pair of small antennae on your head. [potion of mutation]
  7951 | Temple   | Gained mutation: You are partially covered in slimy green scales (AC +2). [potion of mutation]
  7953 | Temple   | Gained mutation: You have sharp fingernails. [potion of mutation]
  7954 | Temple   | Gained mutation: You have sharp toenails. [potion of mutation]
  8002 | Temple   | Fell from the grace of Kikubaaqudgha
  8002 | Temple   | Became a worshipper of Sif Muna the Loreminder
  8148 | Temple   | Learned a level 5 spell: Iskenderun's Battlesphere
  8413 | D:6      | Reached skill level 5 in Charms
  8610 | D:6      | Reached skill level 7 in Spellcasting
  8610 | D:6      | Reached skill level 1 in Invocations
  8912 | D:6      | Found a stormy altar of Qazlal.
  9199 | D:7      | Reached XP level 9. HP: 22/44 MP: 5/21
  9475 | D:6      | Reached * piety under Sif Muna
 10428 | D:6      | Reached skill level 5 in Conjurations
 10542 | D:6      | Gained mutation: Your body sometimes deteriorates upon taking damage. [evolution]
 10912 | D:6      | Found an ancient bone altar of Kikubaaqudgha.
 11371 | D:7      | You fall through a shaft!
 11979 | D:7      | Noticed a soul eater
 11994 | D:7      | Reached ** piety under Sif Muna
 12056 | D:7      | Reached skill level 8 in Spellcasting
 13080 | D:8      | Learned a level 4 spell: Fulminant Prism
 13435 | D:8      | Reached skill level 5 in Stealth
 13711 | D:8      | Reached XP level 10. HP: 50/50 MP: 13/24
 14446 | D:8      | Found an iron altar of Okawaru.
 14499 | D:8      | Gained mutation: You have supernaturally acute eyesight. [evolution]
 14744 | D:9      | Found an ancient bone altar of Kikubaaqudgha.
 14971 | D:9      | Reached *** piety under Sif Muna
 15302 | D:9      | Reached skill level 9 in Spellcasting
 15344 | D:9      | Reached skill level 1 in Armour
 15521 | D:9      | Reached skill level 10 in Charms
 15723 | D:9      | Reached skill level 5 in Invocations
 16205 | D:9      | Was forgiven by Kikubaaqudgha
 16386 | D:9      | Reached XP level 11. HP: 54/54 MP: 23/26
 16658 | D:10     | Entered Level 10 of the Dungeon
 16995 | D:10     | Found Ybrutzus's Assorted Antiques.
 17273 | D:10     | Reached **** piety under Sif Muna
 17337 | D:10     | Learned a level 5 spell: Summon Forest
 17337 | D:10     | Gained mutation: Your spells are a little harder to cast, but a little more powerful. [potion of mutation]
 17879 | D:10     | Bought a scroll of blinking for 210 gold pieces
 17879 | D:10     | Bought a potion of heal wounds for 140 gold pieces
 18019 | D:11     | Reached skill level 5 in Hexes
 18136 | D:11     | Noticed a purple ugly thing
 18165 | D:11     | Killed a purple ugly thing
 18171 | D:11     | Lost mutation: You are agile. (Dex +2) [mutagenic meat]
 18461 | D:11     | Found a staircase to the Orcish Mines.
 18699 | D:11     | Reached skill level 5 in Translocations
 18934 | D:11     | Found a staircase to the Lair.
 19255 | D:11     | Noticed an orange crystal statue
 19324 | Lair:1   | Entered Level 1 of the Lair of Beasts
 19681 | D:11     | Learned a level 4 spell: Iskenderun's Mystic Blast
 20036 | D:11     | Reached skill level 5 in Summonings
 20667 | Lair:1   | Gained mutation: Your spells are harder to cast, but more powerful. [evolution]
 20667 | Lair:1   | Lost mutation: You evolve. [end of evolution]
 20748 | Lair:1   | Reached skill level 10 in Spellcasting
 21177 | Lair:2   | Noticed a five-headed hydra
 21307 | Lair:2   | Reached ***** piety under Sif Muna
 21406 | Lair:2   | Noticed a six-headed hydra
 21460 | Lair:2   | Killed a six-headed hydra
 21828 | Lair:2   | Reached XP level 12. HP: 59/59 MP: 15/28
 22174 | Lair:2   | Killed a five-headed hydra
 23796 | Lair:3   | Noticed Urug
 23848 | Lair:3   | Killed Urug
 23848 | Lair:3   | Reached ****** piety under Sif Muna
 24041 | Lair:3   | Received a gift from Sif Muna
 24127 | Lair:3   | Learned a level 5 spell: Fireball
 24131 | Lair:3   | Learned a level 3 spell: Dazzling Spray
 24951 | Lair:3   | Reached XP level 13. HP: 63/63 MP: 3/29
 26706 | Lair:4   | Found a staircase to the Swamp.
 27473 | Lair:5   | Reached skill level 11 in Spellcasting
 27613 | Lair:5   | Reached skill level 5 in Armour
 27783 | Lair:5   | Reached skill level 5 in Fire Magic
 27994 | Lair:5   | You fall through a shaft!
 27994 | Lair:6   | Noticed Kirke
 28196 | Lair:6   | Noticed Nessos
 28239 | Lair:6   | Noticed Josephine
 28269 | Lair:6   | Found a hole to the Spider Nest.
 28292 | Lair:6   | Killed Josephine
 28394 | Lair:6   | Found a staircase to the Slime Pits.
 28394 | Lair:6   | Found a viscous altar of Jiyva.
 29541 | Lair:5   | Received a gift from Sif Muna
 29751 | Lair:5   | Identified Sif Muna's Incunabulum of Twisted Conjuration (Sif Muna gifted it to you on level 5 of the Lair of Beasts)
 30135 | Lair:6   | Killed Kirke
 30135 | Lair:6   | Reached skill level 10 in Conjurations
 30614 | Lair:6   | Killed Nessos
 30614 | Lair:6   | Reached XP level 14. HP: 41/68 MP: 14/31
 31257 | Lair:7   | Found a dark tunnel.
 31283 | Volcano  | Entered a volcano
 31661 | Volcano  | Found a burning altar of Makhleb.
 31898 | Volcano  | Learned a level 5 spell: Cigotuvi's Embrace
 32418 | Lair:7   | Reached skill level 10 in Hexes
 33199 | Lair:7   | Received a gift from Sif Muna
 33213 | Lair:6   | Reached skill level 5 in Necromancy
 33648 | Lair:7   | Reached skill level 1 in Bows
 35174 | Lair:8   | Entered Level 8 of the Lair of Beasts
 35483 | Lair:8   | Found a frozen archway.
 35507 | Lair:8   | Reached skill level 10 in Summonings
 35510 | Lair:8   | Reached skill level 10 in Dodging
 35595 | Lair:8   | Reached skill level 12 in Spellcasting
 35839 | IceCv    | Entered an ice cave
 36325 | IceCv    | Got a translucent brass ring
 36327 | IceCv    | Identified the ring "Konaleon" {Fire Dex+2} (You found it in an ice cave)
 37267 | IceCv    | Noticed a frost giant
 37282 | IceCv    | Reached XP level 15. HP: 72/72 MP: 3/33
 37581 | IceCv    | Killed a frost giant
 38520 | Lair:1   | Learned a level 6 spell: Invisibility
 38769 | Lair:8   | Received a gift from Sif Muna
 38770 | Lair:8   | Identified Sif Muna's Reference Book on the Birds (Sif Muna gifted it to you on level 8 of the Lair of Beasts)
 41465 | Swamp:1  | Entered Level 1 of the Swamp
 41753 | Swamp:1  | HP: 3/72 [alligator (21)]
 42032 | Swamp:1  | Noticed Karasique's ghost (adept NaAs)
 42208 | Swamp:1  | Gained mutation: Your body often deteriorates upon taking damage. [mutagenic glow]
 42785 | Swamp:1  | Learned a level 5 spell: Summon Demon
 42818 | Swamp:1  | Killed Karasique's ghost
 43376 | Swamp:1  | Lost mutation: You passively map a small area around you. [potion of mutation]
 43376 | Swamp:1  | Lost mutation: Your spells are harder to cast, but more powerful. [potion of mutation]
 43673 | Swamp:1  | Learned a level 2 spell: Throw Flame
 43678 | Swamp:1  | Learned a level 4 spell: Passage of Golubria
 43780 | Swamp:1  | Received a gift from Sif Muna
 43788 | Swamp:1  | Identified Sif Muna's Tome of Confrontation (Sif Muna gifted it to you on level 1 of the Swamp)
 44302 | Swamp:2  | Reached skill level 10 in Stealth
 44610 | Swamp:2  | Reached skill level 10 in Translocations
 45606 | Swamp:2  | Reached XP level 16. HP: 76/76 MP: 17/34
 46680 | Swamp:3  | Learned a level 7 spell: Delayed Fireball
 46685 | Swamp:3  | Learned a level 4 spell: Petrify
 47159 | Swamp:3  | Noticed Donald
 47186 | Swamp:2  | Killed Donald
 47192 | Swamp:2  | Got a crude shield {Donald}
 47198 | Swamp:2  | Identified the +2 shield of the Vestibule of Hell {rPois rF+} (You took it off Donald on level 2 of the Swamp)
 47617 | D:12     | Reached skill level 1 in Earth Magic
 47733 | D:12     | Reached skill level 1 in Transmutations
 48249 | D:12     | Found an opulent altar of Gozag.
 48998 | D:13     | Reached skill level 1 in Fighting
 49230 | D:13     | Found a gate to the Vaults.
 49969 | D:13     | Received a gift from Sif Muna
 49976 | D:13     | Identified Jieps's Guide on Protection and the Oath (Sif Muna gifted it to you on level 13 of the Dungeon)
 49981 | D:13     | Learned a level 2 spell: Swiftness
 50141 | D:13     | Noticed Sonja
 50146 | D:13     | Killed Sonja
 50153 | D:13     | Reached skill level 13 in Spellcasting
 51026 | D:14     | Learned a level 6 spell: Bolt of Fire
 51930 | D:14     | Found a portal to a secret trove of treasure.
 51996 | D:14     | Found a sparkling altar of Nemelex Xobeh.
 52030 | D:14     | Found an ancient bone altar of Kikubaaqudgha.
 52823 | D:14     | Reached skill level 1 in Shields
 53056 | D:15     | Entered Level 15 of the Dungeon
 53212 | D:14     | Learned a level 4 spell: Control Undead
 53651 | D:15     | Found a staircase to the Depths.
 53651 | D:15     | Found a shimmering altar of Xom.
 54082 | D:15     | Gained mutation: You are robust (+10% HP). [mutagenic meat]
 54083 | D:15     | Lost mutation: Your body often deteriorates upon taking damage. [mutagenic meat]
 54084 | D:15     | Lost mutation: Your spells are a little harder to cast, but a little more powerful. [mutagenic meat]
 54586 | D:15     | Lost mutation: You are partially covered in slimy green scales (AC +2). [mutagenic meat]
 54587 | D:15     | Lost mutation: Your muscles are strong. (Str +2) [mutagenic meat]
 54588 | D:15     | Gained mutation: Your system is resistant to poisons. [mutagenic meat]
 54589 | D:15     | Gained mutation: Your spells are a little harder to cast, but a little more powerful. [mutagenic meat]
 54594 | D:15     | Gained mutation: You are very robust (+20% HP). [mutagenic meat]
 55414 | Spider:1 | Entered Level 1 of the Spider Nest
 55516 | Spider:1 | Reached XP level 17. HP: 103/103 MP: 28/36
 55890 | Spider:1 | Learned a level 6 spell: Shadow Creatures
 57838 | Spider:2 | Noticed Asterion
 58056 | Spider:2 | Received a gift from Sif Muna
 58057 | Spider:2 | Identified Sif Muna's Volume of Summoning (Sif Muna gifted it to you on level 2 of the Spider Nest)
 58213 | Spider:2 | Learned a level 5 spell: Irradiate
 58247 | Spider:2 | Killed Asterion
 58987 | Spider:3 | Reached skill level 10 in Fire Magic
 59556 | Spider:3 | Noticed PeterLawrence's ghost (adept MiFi)
 59571 | Spider:3 | Killed PeterLawrence's ghost
 61647 | Lair:1   | Learned a level 7 spell: Malign Gateway
 61713 | Lair:1   | Learned a level 2 spell: Shroud of Golubria
 61715 | Lair:1   | Learned a level 1 spell: Summon Butterflies
 61930 | Spider:4 | Entered Level 4 of the Spider Nest
 62375 | Spider:4 | Reached skill level 14 in Spellcasting
 62742 | Spider:4 | Noticed Arachne
 62748 | Spider:4 | Killed Arachne
 62770 | Spider:4 | Reached skill level 5 in Shields
 63495 | Spider:4 | Reached XP level 18. HP: 84/109 MP: 1/38
 64087 | Spider:4 | Got a gossamer rune of Zot
 64192 | Spider:4 | Reached skill level 5 in Transmutations
 65095 | Orc:1    | Entered Level 1 of the Orcish Mines
 65141 | Orc:1    | Noticed Nergalle
 65239 | Orc:1    | Killed Nergalle
 65400 | Orc:2    | Entered Level 2 of the Orcish Mines
 65400 | Orc:2    | Found Tukohyteo's Food Shoppe.
 65615 | Orc:2    | Bought a beef jerky for 19 gold pieces
 65615 | Orc:2    | Bought a bread ration for 65 gold pieces
 65615 | Orc:2    | Bought 4 fruits for 78 gold pieces
 65615 | Orc:2    | Bought a slice of pizza for 19 gold pieces
 65615 | Orc:2    | Bought 3 fruits for 58 gold pieces
 65712 | Orc:2    | Found a staircase to the Elven Halls.
 65840 | Orc:2    | Found a roughly hewn altar of Beogh.
 66126 | Orc:2    | Noticed Snorg
 67047 | Orc:2    | Found Hulua's General Store.
 67126 | Orc:2    | Found Feanu's Distillery.
 67127 | Orc:2    | Found Beunorau's Weapon Boutique.
 67127 | Orc:2    | Found Ozaxiduh's Armour Shop.
 67134 | Orc:2    | Bought a scroll of identify for 36 gold pieces
 67134 | Orc:2    | Bought a scroll of identify for 36 gold pieces
 67134 | Orc:2    | Bought a potion of heal wounds for 90 gold pieces
 67138 | Orc:2    | Bought a potion of cure mutation for 300 gold pieces
 67138 | Orc:2    | Bought a potion of resistance for 120 gold pieces
 67138 | Orc:2    | Bought a potion of curing for 36 gold pieces
 67138 | Orc:2    | Bought a potion of agility for 48 gold pieces
 67138 | Orc:2    | Bought a potion of magic for 96 gold pieces
 67138 | Orc:2    | Bought a potion of mutation for 30 gold pieces
 67138 | Orc:2    | Gained mutation: You are dopey. (Int -2) [potion of mutation]
 67138 | Orc:2    | Lost mutation: Your system is resistant to poisons. [potion of mutation]
 67139 | Orc:2    | Lost mutation: Your spells are a little harder to cast, but a little more powerful. [potion of cure mutation]
 67139 | Orc:2    | Lost mutation: You have sharp toenails. [potion of cure mutation]
 67139 | Orc:2    | Lost mutation: You are dopey. (Int -2) [potion of cure mutation]
 67139 | Orc:2    | Lost mutation: You are very robust (+20% HP). [potion of cure mutation]
 67349 | Orc:2    | Received a gift from Sif Muna
 67350 | Orc:2    | Identified Sif Muna's Reference Book on Aerial Hexes (Sif Muna gifted it to you on level 2 of the Orcish Mines)
 67359 | Orc:2    | Killed Snorg
 67918 | Orc:1    | Noticed Erica
 67927 | Orc:1    | Killed Erica
 68462 | Elf:1    | Entered Level 1 of the Elven Halls
 68463 | Elf:1    | Cast into level 2 of the Abyss (a deep elf demonologist)
 68470 | Abyss:2  | Learned a level 4 spell: Passage of Golubria
 68479 | Abyss:2  | Learned a level 6 spell: Death Channel
 68488 | Abyss:2  | Learned a level 6 spell: Shadow Creatures
 68497 | Abyss:2  | Learned a level 6 spell: Darkness
 68500 | Abyss:2  | Learned a level 2 spell: Sublimation of Blood
 68655 | Abyss:2  | Noticed a bone dragon
 68665 | Abyss:2  | Gained mutation: You are occasionally teleported next to monsters. [a neqoxec]
 68719 | Abyss:2  | Upgraded the game from 0.19-a0-36-g4a0968a to 0.19-a0-45-g2c295ea
 68730 | Abyss:3  | Learned a level 5 spell: Irradiate
 68732 | Abyss:3  | Learned a level 1 spell: Summon Small Mammal
 68836 | Abyss:3  | Gained mutation: You are agile. (Dex +2) [a neqoxec]
 68930 | Abyss:4  | Found a sacrificial altar of Ru.
 69023 | Abyss:5  | Entered Level 5 of the Abyss
 69039 | Abyss:5  | Gained mutation: Your body often deteriorates upon taking damage. [mutagenic glow]
 69114 | Elf:1    | Escaped the Abyss
 69114 | Elf:1    | Shot with an arrow by a deep elf archer

Vault maps used:
D:1:      minmay_arrival_four_circles, minmay_misc_feat_diagonals, hex_large,
          hangedman_decor_push
D:2:      overflow_temple_1_default, uniq_jessica, uniq_iyjb
D:3:      grunt_temple_overflow_gold_and_silver, first_bread,
          johnstein_pakellas_shop
D:4:      kennysheep_six_static_rooms, lemuel_zombie_altar_yredelemnul,
          nicolae_ossuary_entry_catacombs, tgw_kikubaaqudgha
D:5:      minmay_temple_entry_hall, gup_sewer_entry_bowl, uniq_grinder
D:6:      marbit_many_paths, nicolae_qazlal_general_emergency
D:8:      okawaru_trees_2
D:9:      basic_altar, minmay_item_behind_shaft, hangedman_fish_farm,
          minmay_misc_feat_tiny
D:10:     serial_shops, kennysheep_mini_moat
D:11:     minmay_separated_statues, lair_0_dummy, orc_0_dummy
D:12:     basic_altar
D:13:     david_vaults_1, uniq_sonja
D:14:     enter_trove_1, jmf_multi_god_temple
D:15:     gammafunk_depths_entry_grave, basic_altar
Temple:   water_room_temple_a_12
Lair:1:   infiniplex_staircase_pool
Lair:2:   infiniplex_staircase_pool_2, grunt_megastairs_3
Lair:3:   lemuel_fruit_tree, grunt_megastairs_5, uniq_urug
Lair:4:   nicolae_swamp_entry_splash_gauntlet
Lair:6:   spider_nest_entry_webs, slime_altar_1, minivault_26, minivault_27,
          grunt_forest_small_clearing_treed, uniq_kirke, uniq_nessos,
          uniq_josephine
Lair:7:   nicolae_volcano_entry_hallway, minmay_stone_trees_small
Lair:8:   minmay_lair_end_enchanted_forest,
          portal_ice_cave_entry_animals_and_master, hibernation_bobbens
Swamp:1:  hangedman_swamp_ruin_wall
Swamp:2:  evilmike_swamp_ruin_house_4, nicolae_swamp_spriggan_camp
Swamp:3:  nicolae_swamp_treefoil, swamp_pool2, nicolae_swamp_little_tower,
          uniq_donald
Spider:1: hangedman_spider_tarantella_strand
Spider:2: uniq_asterion
Spider:3: spider_trap, worms_lemuel
Spider:4: johnstein_spider_rune_arachne_lair
Orc:1:    uniq_erica, uniq_nergalle
Orc:2:    st_orc_pillars, serial_shops, shop, basic_altar, uniq_snorg
Elf:1:    elf_arrival_002, hangedman_elf_represent, grunt_megastairs_1
Abyss:3:  kb_abyss_rune_zappy, patterned_corridor
Abyss:4:  grunt_abyss_rune_twisted_forest, minivault_4
Abyss:5:  evilmike_abyss_rune_seething_chaos, minivault_26,
          hangedman_decor_lopped, hangedman_abyss_or_decor_slice
Sewer:    kennysheep_door_sewer
Ossuary:  ossuary_due_mausoleum
IceCv:    ice_cave_caverns_03
Volcano:  volcano_grotto

Skill      XL: |  1  2  3  4  5  6  7  8  9 10 11 12 13 14 15 16 17 18 |
---------------+-------------------------------------------------------+-----
Charms         | 1 2 3 4 6 9 10 11 | 11.5
Spellcasting   | 5 6 7 8 9 10 11 12 13 14 | 14.4
Summonings     | 2 3 5 7 9 10 11 12 13 | 13.1
Dodging        | 3 4 5 6 7 8 9 10 11 12 | 12.4
Stealth        | 3 4 5 6 7 9 10 11 12 | 12.0
Conjurations   | 2 3 4 6 7 8 9 10 11 12 13 | 13.6
Translocations | 2 3 4 6 7 8 9 10 11 | 11.5
Hexes          | 1 2 3 4 6 8 9 10 11 12 | 12.0
Poison Magic   | 1 2 |  2.5
Fire Magic     | 2 3 6 7 8 9 10 | 10.8
Necromancy     | 1 2 3 4 6 7 8 9 |  9.8
Invocations    | 1 3 5 6 7 8 |  8.0
Armour         | 2 3 4 5 |  5.0
Bows           | 2 |  2.1
Earth Magic    | 2 |  2.9
Transmutations | 3 4 5 |  5.5
Fighting       | 2 |  2.7
Shields        | 2 5 |  5.7

Action                   |  1- 3 |  4- 6 |  7- 9 | 10-12 | 13-15 | 16-18 || total
-------------------------+-------+-------+-------+-------+-------+-------++-------
Melee: Dagger            |    17 |    66 |    41 |    57 |     2 |       ||   183
       Kick              |       |       |     1 |       |       |       ||     1
       Staff             |       |       |       |       |     2 |     6 ||     8
 Fire: Shortbow          |       |       |     2 |       |       |       ||     2
       Longbow           |       |       |       |       |     1 |       ||     1
Throw: Javelin           |       |     5 |     4 |       |       |       ||     9
       Throwing net      |       |       |     1 |     1 |       |     1 ||     3
 Cast: Magic Dart        |    83 |   188 |   497 |   600 |  1062 |   790 ||  3220
       Repel Missiles    |     1 |     1 |       |     2 |       |     2 ||     6
       Call Imp          |     1 |    18 |    32 |     1 |       |       ||    52
       Mephitic Cloud    |       |     3 |    21 |     8 |     3 |       ||    35
       Conjure Flame     |       |     1 |    28 |     2 |       |       ||    31
       Blink             |       |     1 |    16 |    16 |    40 |     9 ||    82
       Iskenderun's Batt |       |       |    24 |   103 |   229 |   198 ||   554
       Fulminant Prism   |       |       |     3 |    27 |       |       ||    30
       Slow              |       |       |       |    14 |     9 |     5 ||    28
       Iskenderun's Myst |       |       |       |    10 |       |       ||    10
       Summon Forest     |       |       |       |     3 |    10 |     5 ||    18
       Fireball          |       |       |       |     4 |    76 |    88 ||   168
       Cigotuvi's Embrac |       |       |       |       |    46 |    64 ||   110
       Throw Flame       |       |       |       |       |    53 |   108 ||   161
       Summon Demon      |       |       |       |       |     9 |       ||     9
       Invisibility      |       |       |       |       |     1 |       ||     1
       Bolt of Fire      |       |       |       |       |       |   151 ||   151
       Passage of Golubr |       |       |       |       |       |     6 ||     6
       Petrify           |       |       |       |       |       |     4 ||     4
       Delayed Fireball  |       |       |       |       |       |     2 ||     2
       Control Undead    |       |       |       |       |       |     1 ||     1
       Shroud of Golubri |       |       |       |       |       |    24 ||    24
       Irradiate         |       |       |       |       |       |    18 ||    18
       Shadow Creatures  |       |       |       |       |       |     9 ||     9
       Malign Gateway    |       |       |       |       |       |     2 ||     2
       Summon Butterflie |       |       |       |       |       |     4 ||     4
       Darkness          |       |       |       |       |       |     2 ||     2
       Death Channel     |       |       |       |       |       |     2 ||     2
       Sublimation of Bl |       |       |       |       |       |     1 ||     1
       Summon Small Mamm |       |       |       |       |       |     1 ||     1
Invok: Receive Corpses   |       |       |     1 |       |       |       ||     1
       Channel Energy    |       |       |     8 |    18 |    53 |   112 ||   191
       Forget Spell      |       |       |       |     2 |     2 |    14 ||    18
 Abil: Release Delayed F |       |       |       |       |       |     2 ||     2
Evoke: Wand              |       |       |       |     2 |     5 |     2 ||     9
       Disc of storms    |       |       |       |     2 |       |       ||     2
  Use: Potion            |     1 |     4 |     9 |     1 |     8 |    13 ||    36
       Scroll            |       |     2 |     9 |    18 |    28 |    13 ||    70
 Stab: Sleeping          |     2 |     2 |     8 |     1 |       |       ||    13
       Distracted        |       |     2 |     1 |       |       |       ||     3
  Eat: Chunk             |     1 |     9 |    20 |    35 |    28 |    55 ||   148
       Fruit             |       |     1 |       |     1 |     1 |     4 ||     7
       Bread ration      |       |       |     2 |     3 |     9 |     4 ||    18
       Meat ration       |       |       |     1 |     1 |     3 |     8 ||    13
       Beef jerky        |       |       |       |     1 |       |       ||     1
       Pizza             |       |       |       |       |     1 |     1 ||     2
       Royal jelly       |       |       |       |       |       |     2 ||     2
Armor: Robe              |     3 |    17 |    26 |     4 |       |       ||    50
       Skin              |       |    78 |       |       |     1 |       ||    79
       Troll leather arm |       |       |       |    32 |    85 |   119 ||   236
       Leather armour    |       |       |       |       |    12 |    21 ||    33
Dodge: Dodged            |    34 |    67 |   124 |   122 |   273 |   367 ||   987
       Deflected         |       |     3 |     2 |     9 |     5 |    15 ||    34
Block: Buckler           |       |       |       |       |       |   182 ||   182
       Other             |       |       |       |       |       |     1 ||     1
